 Dungeon Crawl Stone Soup version 0.23.1-37-gaa34b87b72 (webtiles) character file.

Game seed: 17653156188319211531

90783 Peloso the Peltast (level 15, -5/141 HPs)
             Began as a Minotaur Fighter on Mar 21, 2019.
             Was the Champion of Okawaru.
             Slain by a white ugly thing (31 damage)
             ... on level 15 of the Dungeon.
             The game lasted 00:59:29 (23192 turns).

Peloso the Peltast (Minotaur Fighter)              Turns: 23192, Time: 00:59:32

Health: -5/141     AC: 27    Str: 25    XL:     15   Next: 53%
Magic:  15/15      EV:  8    Int:  8    God:    Okawaru [******]
Gold:   1359       SH: 23    Dex: 15    Spells: 14/14 levels left

rFire    x . .     SeeInvis +   h - +8 long sword (slice)
rCold    . . .     Gourm    +   c - +1 large shield {reflect}
rNeg     . . .     Faith    .   r - +5 plate armour of the Black Moon {rF- Slay+2 SInv}
rPois    +         Spirit   .   e - +1 hat {Int+3}
rElec    .         Reflect  +   w - +0 cloak
rCorr    .         Harm     .   m - +0 pair of gloves
MR       +....                  G - +0 pair of boots
Stlth    ..........             D - amulet of the gourmand
HPRegen  0.33/turn              E - ring of poison resistance
MPRegen  0.14/turn              U - +3 ring of dexterity

@: no status effects
A: retaliatory headbutt, horns 2
a: Heroism, Finesse, Renounce Religion


You were on level 15 of the Dungeon.
You worshipped Okawaru.
Okawaru was exalted by your worship.
You were not hungry.

You visited 3 branches of the dungeon, and saw 22 of its levels.

You collected 1471 gold pieces.
You spent 112 gold pieces at shops.

Inventory:

Hand Weapons
 a - a +0 demon blade of electrocution
 b - a +3 long sword of flaming
 h - a +8 long sword of slicing (weapon)
 W - a +1 scimitar of pain
Armour
 c - a +1 large shield of reflection (worn)
 e - a +1 hat of intelligence (worn)
 m - a +0 pair of gloves (worn)
 r - the +5 plate armour of the Black Moon (worn) {rF- Slay+2 SInv}
   (Okawaru gifted it to you on level 6 of the Lair of Beasts)

   It affects your accuracy and damage with ranged weapons and melee attacks
   (+2).
   It makes you vulnerable to fire.
   It lets you see invisible.
 w - a +0 cloak (worn)
 G - a +0 pair of boots (worn)
 S - a +1 plate armour of fire resistance
Jewellery
 D - an amulet of the gourmand (around neck)
 E - a ring of poison resistance (left hand)
 H - an uncursed ring of protection from magic
 Q - an uncursed ring of resist corrosion
 T - a +5 ring of strength
 U - a +3 ring of dexterity (right hand)
Wands
 x - a wand of flame (29)
 K - a wand of random effects (19)
 L - a wand of polymorph (25)
Scrolls
 g - 3 scrolls of identify
 i - 8 scrolls of remove curse
 n - 2 scrolls of magic mapping {unknown}
 o - a scroll of holy word {unknown}
 p - 4 scrolls of immolation {unknown}
 q - 4 scrolls of teleportation
 t - 4 scrolls of enchant weapon {unknown}
 u - a scroll of silence {unknown}
 y - 3 scrolls of fog {unknown}
 z - a scroll of torment {unknown}
 A - 3 scrolls of amnesia {unknown}
 B - a scroll of brand weapon {unknown}
 C - 5 scrolls of blinking
 J - a scroll of noise {unknown}
 N - 2 scrolls of fear {unknown}
 V - a scroll of vulnerability {unknown}
Potions
 d - a potion of might
 j - 8 potions of heal wounds
 k - 4 potions of curing
 l - 3 potions of haste
 s - a potion of resistance {unknown}
 v - a potion of ambrosia {unknown}
 F - a potion of flight
 I - a potion of berserk rage
 Y - a potion of invisibility {unknown}
Comestibles
 f - 35 rations


   Skills:
 + Level 15.1 Fighting
 + Level 17.1 Long Blades
 + Level 14.6 Armour
 + Level 2.8 Dodging
 + Level 1.5 Stealth
 + Level 17.5 Shields
 + Level 2.2 Invocations
 + Level 1.4 Evocations


You had 14 spell levels left.
You didn't know any spells.
Your spell library contained the following spells:

 Spells                   Type           Power        Failure   Level  Hunger
 Beastly Appendage        Tmut           #.....       100%        1    ##.....
 Corona                   Hex            #......      100%        1    ##.....
 Summon Butterflies       Summ           #.......     100%        1    ##.....
 Corpse Rot               Necr           N/A          100%        2    ###....
 Ensorcelled Hibernation  Hex/Ice        #.....       100%        2    ###....
 Sticks to Snakes         Tmut           #.......     100%        2    ###....
 Call Canine Familiar     Summ           #.......     100%        3    ####...
 Confuse                  Hex            #.......     100%        3    ####...
 Dazzling Spray           Conj/Hex       #.....       100%        3    ####...
 Spider Form              Tmut/Pois      #.........   100%        3    ####...
 Stone Arrow              Conj/Erth      #.....       100%        3    ####...
 Tukima's Dance           Hex            #.......     100%        3    ####...
 Ice Form                 Ice/Tmut       #.......     100%        4    #####..
 Leda's Liquefaction      Hex/Erth       #.........   100%        4    #####..
 Summon Ice Beast         Ice/Summ       #.......     100%        4    #####..
 Blade Hands              Tmut           #.........   100%        5    ######.
 Summon Forest            Summ/Tloc      #.........   100%        5    ######.
 Summon Mana Viper        Hex/Summ       #.......     100%        5    ######.
 Hydra Form               Tmut           #.........   100%        6    #######
 Summon Hydra             Summ           #.........   100%        7    #######


Dungeon Overview and Level Annotations

Branches:
Dungeon (15/15)            Temple (1/1) D:5            Lair (6/6) D:10
 Shoals (0/4) Lair:4       Spider (0/4) Lair:3        Slime (0/5) Lair:6
    Orc (0/2) D:12         Vaults (0/5) D:13         Depths (0/5) D:15

Altars:
Ashenzari
Cheibriados
Dithmenos
Elyvilon
Fedhas
Gozag
Hepliaklqana
Kikubaaqudgha
Makhleb
Nemelex Xobeh
Okawaru
Qazlal
Ru
Sif Muna
Trog
Uskayaw
Vehumet
Wu Jian
Xom
Yredelemnul
Zin
The Shining One

Shops:
D:12 *(*

Annotations:
D:12 exclusion: obsidian statue
Lair:1 1 runed translucent door, Ewivud's ghost, journeyman DsGl


Innate Abilities, Weirdness & Mutations

You reflexively headbutt those who attack you in melee.
You have a pair of horns on your head.


Message History

The red ugly thing is heavily wounded.
You hit the red ugly thing. You headbutt the red ugly thing!
The red ugly thing is almost dead.
The white ugly thing claws you. The white ugly thing freezes you!!
The red ugly thing stings you but does no damage.
You hit the red ugly thing.
The red ugly thing is almost dead.
The red ugly thing stings you.
You are engulfed in flames!!
The fire burns you terribly!
* * * LOW HITPOINT WARNING * * *
You block the white ugly thing's attack.
You slash the red ugly thing!
Your headbutt misses the red ugly thing.
The red ugly thing is almost dead.
Your shield and plate armour of the Black Moon prevent you from hitting the red ugly thing.
The red ugly thing is almost dead.
The white ugly thing claws you.
* * * LOW HITPOINT WARNING * * *
The white ugly thing freezes you!!
You die...

#######.############....#...
#.....#....##.....##...##..#
#.......................####
#.....#######......#....#
#.....##... #......######
#.....##...##......#
#......#....#......#
#......#..uu#......#
#......#...@#......#
#....[.#....'......#
####################


You could see 2 ugly things.

Vanquished Creatures
  Frances (D:13)
  A dire elephant (D:15)
  The ghost of Wolly the Archer, a journeyman CeAM of Okawaru (Lair:5)
  Snorg (D:13)
  Harold (D:10)
  Josephine (D:13)
  2 hydras
  8 vault guards (D:13)
  A catoblepas (Lair:6)
  Erica (D:11)
  A centaur warrior (D:13)
  2 two-headed ogres
  5 death yaks
  A death knight (D:14)
  4 tengu warriors
  17 skeletal warriors
  3 unseen horrors
  A harpy (shapeshifter) (D:15)
  A phantasmal warrior (D:14)
  Pikel (D:7)
  A wolf spider (D:15)
  5 oklob plants
  8 ugly things
  A cyclops (D:13)
  3 manticores
  5 black mambas
  A gargoyle (D:12)
  An eye of devastation (Lair:6)
  Maurice (D:13)
  5 centaur skeletons
  7 spiny frogs
  A freezing wraith (D:14)
  A rime drake (Lair:5)
  2 kobold demonologists
  4 tengu conjurers
  12 komodo dragons
  A merfolk (D:9)
  5 trolls
  3 meliai (D:13)
  2 polar bears (Lair:6)
  7 hornets
  4 blink frogs (Lair:1)
  A wolf spider simulacrum (D:14)
  13 hippogriffs
  5 dream sheep (Lair:3)
  4 slime creatures (D:14)
  2 redbacks (Lair:3)
  A vampire (D:15)
  2 shadows
  7 wraiths
  66 yaks
  12 spriggans (Lair:6)
  2 basilisks
  5 wyverns
  Grum (D:8)
  4 vampire mosquitoes (D:14)
  A warg (D:12)
  An acid dragon (D:7)
  Edmund (D:5)
  2 soldier ants
  20 water moccasins
  6 orc warriors
  6 porcupines
  An ice beast (D:7)
  4 black bears
  A necrophage (D:13)
  2 sky beasts
  2 eyes of draining
  7 boggarts
  An eye of draining (shapeshifter) (D:13)
  2 phantoms
  14 ogres
  36 wolves
  5 centaurs
  12 crocodiles
  A big kobold (D:13)
  16 bullfrogs
  A wyvern zombie (D:9)
  A water moccasin zombie (D:11)
  5 scorpions
  5 killer bees (D:13)
  6 howler monkeys
  13 wights
  7 electric eels
  4 bullfrog zombies
  A lava snake (Lair:6)
  2 centaur zombies
  4 crimson imps
  A quasit (D:7)
  6 hounds
  5 jellies
  Crazy Yiuf (D:4)
  10 orc priests
  16 orc wizards
  2 bullfrog skeletons
  3 iguanas
  9 worker ants
  A hound skeleton (D:7)
  A hound zombie (D:11)
  A howler monkey zombie (D:10)
  2 worker ant zombies
  12 adders
  3 shadow imps
  2 oozes
  2 adder zombies
  4 worms
  5 dart slugs
  2 leopard geckos
  59 orcs
  6 giant cockroaches
  6 goblins
  8 hobgoblins
  6 jackals (D:1)
  12 kobolds
  5 quokkas
  A ball python (D:5)
  5 bats
  2 frilled lizards
  A jackal zombie (D:5)
  2 quokka skeletons
  11 rats
  2 fungi (Lair:6)
  4 plants
667 creatures vanquished.

Vanquished Creatures (others)
  A boggart (D:14)
  2 centaurs (D:15)
  6 fungi
  11 plants
20 creatures vanquished.

Grand Total: 687 creatures vanquished

Notes
Turn   | Place    | Note
-------+----------+-------------------------------------------
     0 | D:1      | Peloso the Minotaur Fighter began the quest for the Orb.
     0 | D:1      | Reached XP level 1. HP: 19/19 MP: 0/0
    87 | D:1      | Reached XP level 2. HP: 27/27 MP: 1/1
   340 | D:1      | Reached XP level 3. HP: 28/33 MP: 2/2
   476 | D:2      | Found a stormy altar of Qazlal.
   606 | D:2      | Reached XP level 4. HP: 40/40 MP: 3/3
  1375 | D:3      | Reached XP level 5. HP: 31/47 MP: 4/4
  1575 | D:3      | Found a glowing golden altar of the Shining One.
  2439 | D:4      | Reached skill level 5 in Shields
  2460 | D:4      | Found a runed translucent door.
  2461 | D:4      | Noticed Crazy Yiuf
  2520 | D:4      | Reached skill level 5 in Long Blades
  2520 | D:4      | Reached XP level 6. HP: 53/53 MP: 5/5
  2530 | D:4      | Reached skill level 5 in Armour
  3001 | D:4      | Killed Crazy Yiuf
  3040 | D:5      | Entered Level 5 of the Dungeon
  3046 | D:5      | Reached XP level 7. HP: 59/60 MP: 6/6
  3428 | D:5      | Noticed Edmund
  3443 | D:5      | Killed Edmund
  3446 | D:5      | Reached skill level 5 in Fighting
  3466 | D:5      | Reached XP level 8. HP: 55/68 MP: 7/7
  3474 | D:5      | Found a staircase to the Ecumenical Temple.
  3702 | D:5      | Found a shadowy altar of Dithmenos.
  3795 | Temple   | Entered the Ecumenical Temple
  3927 | Temple   | Became a worshipper of Warmaster Okawaru
  4189 | D:6      | Found a snail-covered altar of Cheibriados.
  4189 | D:6      | Found a sacrificial altar of Ru.
  4201 | D:6      | Found a glowing silver altar of Zin.
  4268 | D:6      | Reached * piety under Okawaru
  4547 | D:6      | Reached skill level 10 in Long Blades
  4621 | D:6      | Reached XP level 9. HP: 75/75 MP: 8/8
  5330 | D:7      | Reached ** piety under Okawaru
  6211 | D:8      | Reached skill level 1 in Evocations
  6318 | D:8      | Noticed Grum
  6339 | D:8      | Killed Grum
  6339 | D:8      | Reached *** piety under Okawaru
  6339 | D:8      | Reached XP level 10. HP: 42/86 MP: 8/10
  6462 | D:8      | Noticed Pikel
  6712 | D:7      | Killed Pikel
  6995 | D:8      | Found the +8 mithril axe "Arga" {speed, MR+}
  7339 | D:9      | Noticed a tengu warrior
  7369 | D:8      | Killed a tengu warrior
  7652 | D:9      | Reached **** piety under Okawaru
  7652 | D:9      | Reached skill level 10 in Shields
  7681 | D:9      | Reached skill level 1 in Invocations
  7708 | D:9      | Found a shattered altar of Ashenzari.
  7746 | D:9      | Reached skill level 1 in Dodging
  7895 | D:9      | Reached ***** piety under Okawaru
  7910 | D:9      | Reached XP level 11. HP: 65/95 MP: 11/11
  8563 | D:10     | Entered Level 10 of the Dungeon
  9115 | D:10     | Found a staircase to the Lair.
  9115 | D:10     | Noticed an oklob plant
  9153 | D:10     | Killed an oklob plant
  9189 | D:10     | Noticed Harold
  9207 | D:10     | Killed Harold
  9207 | D:10     | Reached skill level 1 in Stealth
  9218 | D:10     | Got a slimy dagger
  9219 | D:10     | Identified the cursed +3 dagger of Doors {antimagic, Dex+3}
                  | (You found it on level 10 of the Dungeon)
  9602 | D:11     | Received a gift from Okawaru
  9602 | D:11     | Reached skill level 10 in Armour
  9610 | D:11     | Got a jewelled triple sword {god gift}
  9617 | D:11     | Identified the +1 triple sword "Vewoofut" {drain, +Rage rC+
                  | MR+++ Str-4} (Okawaru gifted it to you on level 11 of the
                  | Dungeon)
  9822 | D:11     | Noticed Erica
  9841 | D:11     | Killed Erica
  9929 | D:11     | Reached skill level 10 in Fighting
 10237 | Lair:1   | Entered Level 1 of the Lair of Beasts
 10274 | Lair:1   | Reached ****** piety under Okawaru
 10409 | Lair:1   | Reached XP level 12. HP: 98/107 MP: 12/12
 10641 | Lair:1   | Got a shimmering falchion
 10642 | Lair:1   | Identified the cursed +0 falchion "Jogiacom" {freeze, rN+}
                  | (You found it on level 1 of the Lair of Beasts)
 10717 | Lair:1   | Found a shimmering altar of Xom.
 10717 | Lair:1   | Noticed Ewivud's ghost (journeyman DsGl)
 10718 | Lair:1   | Found a runed translucent door.
 11231 | Lair:2   | Received a gift from Okawaru
 11234 | Lair:2   | Got a pair of faintly humming boots {god gift}
 11245 | Lair:2   | Identified the +2 pair of boots of a bailey {+Blink rPois
                  | Str-4} (Okawaru gifted it to you on level 2 of the Lair of
                  | Beasts)
 12506 | Lair:3   | Found a hole to the Spider Nest.
 12806 | Lair:4   | Found a staircase to the Shoals.
 12996 | Lair:4   | Reached skill level 15 in Long Blades
 14040 | Lair:5   | Reached XP level 13. HP: 117/117 MP: 13/13
 14215 | Lair:5   | Received a gift from Okawaru
 14298 | Lair:5   | Found a runed translucent gate.
 14299 | Lair:5   | Found a runed translucent gate.
 14299 | Lair:5   | Found a runed translucent gate.
 14319 | Lair:5   | Found the +9 staff of Wucad Mu {channel}
 15055 | Lair:5   | Noticed Wolly's ghost (journeyman CeAM)
 15070 | Lair:5   | Killed Wolly's ghost
 15739 | D:12     | Received a gift from Okawaru
 15776 | D:12     | HP: 5/119 [skeletal warrior/+0 long sword[a skeletal
                  | warrior] (21)]
 16323 | D:12     | Found Vaobb's Antique Weapon Shop.
 16348 | D:12     | Got a slimy hand crossbow
 16352 | D:12     | Got a warped marble ring
 16354 | D:12     | Identified the ring of Sufem {AC+3 Int+3} (You found it on
                  | level 12 of the Dungeon)
 16359 | D:12     | Identified the +6 hand crossbow "Earthworm" {venom, rElec
                  | MP+9 Str-4 SInv} (You found it on level 12 of the Dungeon)
 16448 | D:12     | Found Egyvi Sioma's General Store.
 16457 | D:12     | Bought a scroll of blinking for 112 gold pieces
 16599 | D:12     | Found Kesuewif's General Store.
 16608 | D:12     | Found a staircase to the Orcish Mines.
 16869 | D:13     | Noticed Maurice
 16874 | D:13     | Paralysed by Maurice for 4 turns
 16886 | D:13     | Killed Maurice
 17074 | D:13     | Noticed Frances
 17091 | D:13     | Killed Frances
 17091 | D:13     | Received a gift from Okawaru
 17191 | D:13     | Noticed Snorg
 17220 | D:13     | Killed Snorg
 17498 | D:13     | Reached XP level 14. HP: 111/129 MP: 12/14
 17677 | D:13     | Received a gift from Okawaru
 17816 | D:13     | Noticed Josephine
 17825 | D:13     | Killed Josephine
 17974 | D:13     | Reached skill level 15 in Shields
 17987 | D:13     | Found a gate to the Vaults.
 19095 | D:14     | Found a sparkling altar of Nemelex Xobeh.
 19210 | D:14     | Received a gift from Okawaru
 19571 | D:15     | Entered Level 15 of the Dungeon
 19857 | D:15     | Reached XP level 15. HP: 129/139 MP: 15/15
 20229 | Lair:6   | Entered Level 6 of the Lair of Beasts
 20298 | Lair:6   | Received a gift from Okawaru
 20325 | Lair:6   | Found a staircase to the Slime Pits.
 21162 | Lair:6   | Received a gift from Okawaru
 21550 | Lair:6   | Got a faintly glowing plate armour {god gift}
 21561 | Lair:6   | Identified the +5 plate armour of the Black Moon {rF-
                  | Slay+2 SInv} (Okawaru gifted it to you on level 6 of the
                  | Lair of Beasts)
 21639 | Lair:6   | Reached skill level 15 in Fighting
 22497 | D:15     | Found a staircase to the Depths.
 23192 | D:15     | Slain by a white ugly thing

Skill      XL: |  1  2  3  4  5  6  7  8  9 10 11 12 13 14 15 |
---------------+----------------------------------------------+-----
Shields        | 4 5 6 7 8 10 12 14 16 17 | 17.5
Armour         | 4 5 6 7 9 11 12 13 14 | 14.6
Fighting       | 4 5 6 7 8 10 11 13 14 15 | 15.1
Long Blades    | 3 5 6 7 10 11 12 13 15 16 17 | 17.1
Evocations     | 1 |  1.4
Invocations    | 1 2 |  2.2
Dodging        | 1 2 |  2.8
Stealth        | 1 |  1.5

Action                   |  1- 3 |  4- 6 |  7- 9 | 10-12 | 13-15 || total
-------------------------+-------+-------+-------+-------+-------++-------
Melee: Long sword        |    69 |   147 |   299 |   386 |   491 ||  1392
       Headbutt          |    10 |    29 |    92 |   219 |   343 ||   693
       Falchion          |       |       |    49 |   411 |       ||   460
       Demon blade       |       |       |       |       |   758 ||   758
       Scimitar          |       |       |       |       |     8 ||     8
Invok: Heroism           |       |       |       |     1 |     9 ||    10
Evoke: Wand              |       |     2 |     9 |     2 |     1 ||    14
  Use: Scroll            |     4 |       |       |    11 |     4 ||    19
       Potion            |       |       |     1 |       |     1 ||     2
 Stab: Petrified         |       |       |       |       |     2 ||     2
  Eat: Chunk             |       |     6 |     8 |    41 |    41 ||    96
       Ration            |       |       |     1 |     1 |       ||     2
Armor: Plate armour      |    67 |    81 |   181 |   299 |   382 ||  1010
       Scale mail        |     1 |       |       |       |       ||     1
Dodge: Dodged            |    15 |    25 |    55 |   116 |   191 ||   402
Block: Shield            |    53 |    91 |   154 |   352 |   271 ||   921
       Reflection        |       |       |       |       |    16 ||    16
       Large shield      |       |       |       |       |   725 ||   725
       Rpst.: Long sword |     6 |     7 |    12 |    17 |    23 ||    65
       Falchion          |       |       |     2 |    10 |       ||    12
       Demon blade       |       |       |       |       |    15 ||    15
